 Dungeon Crawl Stone Soup version 0.28-a0-657-g71136c5590 (webtiles) character file.

Game seed: 3018416829168199544

62 DungeonMaster the Skirmisher (level 3, 0/30 HPs)
             Began as a Demonspawn Wanderer on Oct 13, 2021.
             Slain by a gnoll (6 damage)
             ... on level 3 of the Dungeon.
             The game lasted 00:02:30 (1958 turns).

DungeonMaster the Skirmisher (Demonspawn Wanderer)  Turns: 1958, Time: 00:02:31

Health: 0/30       AC:  5    Str: 12    XL:     3   Next: 85%
Magic:  3/3        EV: 11    Int: 14    God:
Gold:   107        SH:  3    Dex: 12    Spells: 2/2 levels left

rFire   . . .      SeeInvis .   s - +0 dagger (venom)
rCold   . . .      Faith    .   m - +0 buckler
rNeg    . . .      Spirit   .   l - +0 leather armour
rPois   .          Reflect  .   (no helmet)
rElec   .          Harm     .   (no cloak)
rCorr   .          Rampage  .   (no gloves)
Will    .....                   (no boots)
Stlth   +.........              (no amulet)
HPRegen 0.10/turn               (no ring)
MPRegen 0.08/turn               (no ring)

@: no status effects
A: molten scales 1
a: no special abilities


You were on level 3 of the Dungeon.
You visited 1 branch of the dungeon, and saw 3 of its levels.

You collected 107 gold pieces.

Inventory:

Hand Weapons
 a - a +2 dagger
 c - a +0 falchion
 n - a +0 hunting sling
 s - a +0 dagger of venom (weapon)
Missiles
 b - 3 curare-tipped darts (quivered)
 i - 33 sling bullets
 o - 9 stones
Armour
 l - a +0 leather armour (worn)
 m - a +0 buckler (worn)
Scrolls
 e - a scroll of identify {unknown}
 f - a scroll of enchant weapon {unknown}
 g - a scroll of torment {unknown}
Potions
 d - a potion of might {unknown}
 h - a potion of magic {unknown}
 j - a potion of heal wounds {unknown}
 k - a potion of attraction {unknown}


   Skills:
 * Level 3.8 Fighting
 - Level 2.6 Long Blades
 - Level 1.0 Maces & Flails
 - Level 1.0 Throwing
 * Level 1.5 Armour
 * Level 1.8 Dodging
 - Level 1.0 Stealth
 * Level 0.3 Shields


You had 2 spell levels left.
You didn't know any spells.
Your spell library was empty.

Dungeon Overview and Level Annotations

Branches:
Dungeon (3/15)

Altars:


Innate Abilities, Weirdness & Mutations

You are partially covered in molten scales. (AC +2)


Message History

The hobgoblin hits you but does no damage.
You hit the hobgoblin but do no damage.
The hobgoblin is poisoned.
You kill the hobgoblin!
No target in view!
No target in view!
No target in view!
No target in view!
No target in view!
No target in view!
No target in view!
No target in view!
No target in view!
No target in view!
No target in view!
No target in view!
You see here a hobgoblin corpse.
Found a hand axe.
A gnoll comes into view. It is wielding a +0 spear.
The gnoll shouts!
You hear a shout! x2
A gnoll comes into view. It is wielding a +0 spear.
The gnoll shouts!
A gnoll comes into view. It is wielding a +0 spear.
The gnoll barely misses you. The gnoll hits you with a +0 spear.
You hit the gnoll but do no damage.
The gnoll hits you from afar with a +0 spear.
The gnoll hits you with a +0 spear.
You hit the gnoll but do no damage.
The gnoll hits you from afar with a +0 spear.
The gnoll hits you with a +0 spear.
You closely miss the gnoll. The gnoll barely misses you.
The gnoll closely misses you.
You closely miss the gnoll.
The gnoll hits you from afar with a +0 spear.
* * * LOW HITPOINT WARNING * * *
The gnoll hits you but does no damage.
You hit the gnoll but do no damage.
The gnoll hits you from afar with a +0 spear.
* * * LOW HITPOINT WARNING * * *
The gnoll hits you with a +0 spear.
You die...

#.##..... #..#...#. #
#..##.##.
≈########.....##+
#........#.####
#.####.......# #.#
##.#.#.#....
..##.###.###......#.....
....ggg@..........+ ....
.....###.###....### ....
... #........# ... #
#####..).... ...
#.###### #.# #.# #.#


You could see 3 gnolls.

Vanquished Creatures
  3 adders
  A dart slug (D:1)
  An orc (D:3)
  3 ball pythons (D:1)
  5 bats
  4 endoplasms
  2 goblins
  3 hobgoblins
  2 quokkas
  4 frilled lizards
  5 rats
33 creatures vanquished.

Notes
Turn   | Place    | Note
-------+----------+-------------------------------------------
     0 | D:1      | DungeonMaster the Demonspawn Wanderer began the quest for
                  | the Orb.
     0 | D:1      | DungeonMaster set off with the following items: a +2
                  | dagger, 3 curare-tipped darts, a +0 falchion, a potion of
                  | curing, a +0 robe
     0 | D:1      | Reached XP level 1. HP: 18/18 MP: 1/1
   390 | D:1      | Reached skill level 1 in Dodging
   390 | D:1      | Gained mutation: You are partially covered in molten
                  | scales. (AC +2) [demonic ancestry]
   390 | D:1      | Reached XP level 2. HP: 21/24 MP: 2/2
   951 | D:2      | Reached XP level 3. HP: 29/29 MP: 3/3
  1352 | D:2      | Found a faded altar of an unknown god.
  1958 | D:3      | Slain by a gnoll

Illustrated notes

Levels and vault maps discovered:
D:1:      minmay_arrival_shoal_huts, layout_rooms
D:2:      layout_basic, shapermc_ecumenical_altar_starsandcircs,
          nrook_mini_backslash
D:3:      layout_loops_corners, elyvilon_altar_1, chequers_serial_rivers_micro_e

Skill      XL: |  1 |
---------------+----+-----
Dodging        | 1 |  1.8
Fighting       | |  3.8
Long Blades    | |  2.6
Maces & Flails | |  1.0
Throwing       | |  1.0
Armour         | |  1.5
Stealth        | |  1.0
Shields        | |  0.3

Action                   || total
-------------------------++-------
Melee: Dagger            ||    99
  Use: Potion            ||     1
 Stab: Sleeping          ||     2
Armor: Robe              ||    13
       Leather armour    ||    17
Dodge: Dodged            ||    67
Block: Buckler           ||     4

Table legend: (Time is in decaauts)
 A = Elapsed time spent in this place.
 B = Non-inter-level travel time spent in this place.
 C = Inter-level travel time spent in this place.
 D = Time resting spent in this place.
 E = Time spent auto-exploring this place.
 F = Levels seen in this place.
 G = Mean time per level.
                   A        B        C        D        E       F      G
               +--------+--------+--------+--------+--------+-----+--------+
         Total |   1956 |   1895 |     61 |    409 |   1215 |   3 |  652.0 |
       Dungeon |   1956 |   1895 |     61 |    409 |   1215 |   3 |  652.0 |
               +--------+--------+--------+--------+--------+-----+--------+

Top non-repeatable levels by time:
     D:2: 1025 daAuts
     D:1: 799 daAuts
     D:3: 131 daAuts
